Map: Pillars of Gold LE

Players

TaX - Winner!

  • Race: Protoss Protoss
  • League: Diamond
  • Spawn Location: 1:00

Osiris

  • Race: Terran Terran
  • League: Diamond
  • Spawn Location: 7:00

VOD

Have the link to the VOD?

Description

Time

  • Played on: Jan. 21, 2021, 4:17 a.m.
  • Length: 14:03
Show
View Real Time Build Order
Export as new Build Order

TaX Protoss - Winner!

Build Orders: Zealot Archon, Colossus Rush, Dark Templar Rush 

Get SALT Encoding   

  12  0:00  Probe  
  13  0:12  Probe  
  14  0:18  Pylon  
  14  0:24  Probe  
  15  0:36  Gateway  
  15  0:38  Probe (Chrono Boost)  
  16  0:48  Assimilator, Probe (Chrono Boost)  
  17  0:53  Probe (Chrono Boost)  
  18  1:04  Probe (Chrono Boost)  
  18  1:09  Assimilator  
  19  1:16  Probe (Chrono Boost)  
  20  1:23  Cybernetics Core  
  20  1:25  Probe  
  20  1:30  Pylon  
  21  1:53  Nexus  
  21  2:00  Adept  
  23  2:04  Warp Gate  
  23  2:14  Twilight Council  
  23  2:17  Probe  
  24  2:29  Probe  
  25  2:48  Robotics Facility  
  26  2:51  Probe  
  26  3:03  Probe  
  26  3:05  Dark Shrine  
  27  3:14  Probe  
  27  3:16  Pylon  
  28  3:29  Probe  
  29  3:35  Warp Prism (Chrono Boost)  
  29  3:39  Gateway  
  31  3:42  Gateway  
  31  3:44  Probe  
  31  3:48  Probe  
  33  4:00  Adept  
  33  4:01  Probe (Chrono Boost)  
  36  4:03  Probe (Chrono Boost)  
  37  4:18  Probe (Chrono Boost)  
  38  4:25  Dark Templar  
  38  4:26  Probe  
  38  4:29  Probe  
  38  4:30  Pylon  
  42  4:35  Dark Templar  
  42  4:38  Dark Templar  
  46  4:40  Probe  
  46  4:45  Probe  
  48  4:47  Robotics Bay  
  48  4:50  Assimilator  
  48  4:52  Probe  
  49  4:53  Assimilator  
  49  4:57  Probe  
  49  4:58  Pylon  
  48  5:28  Probe x2  
  48  5:34  Colossus (Chrono Boost)  
  56  5:38  Archon  
  56  5:40  Probe, Zealot x2  
  56  5:42  Probe  
  62  5:53  Probe (Chrono Boost)  
  62  5:54  Extended Thermal Lance (Chrono Boost), Probe (Chrono Boost)  
  62  5:57  Nexus  
  64  5:58  Pylon  
  64  6:03  Probe x2 (Chrono Boost)  
  66  6:08  Pylon, Probe x2 (Chrono Boost)  
  68  6:21  Pylon, Charge (Chrono Boost)  
  68  6:25  Colossus (Chrono Boost)  
  68  6:28  Probe  
  68  6:30  Zealot x2  
  79  6:48  Stalker  
  79  6:52  Shield Battery  
  81  6:54  Shield Battery, Probe  
  81  6:58  Gateway  
  81  6:59  Gateway  
  82  7:01  Probe  
  82  7:06  Probe  
  82  7:07  Pylon  
  84  7:09  Pylon  
  84  7:10  Probe  
  84  7:13  Probe  
  86  7:18  Probe  
  87  7:27  Colossus (Chrono Boost)  
  87  7:28  Zealot x2  
  87  7:29  Zealot  
  91  7:34  Probe (Chrono Boost)  
  91  7:35  Forge  
  98  7:38  Probe x2 (Chrono Boost)  
  100  7:48  Probe (Chrono Boost)  
  100  7:49  Probe (Chrono Boost)  
  102  7:51  Assimilator  
  102  7:54  Templar Archives  
  102  7:59  Zealot  
  102  8:00  Zealot x3  
  102  8:03  Probe x2  
  102  8:05  Probe  
  111  8:17  Zealot  
  93  8:26  Zealot x3  
  93  8:27  Zealot  
  69  8:47  Stalker, Colossus (Chrono Boost)  
  69  8:48  Stalker x4  
  77  8:54  Probe (Chrono Boost)  
  87  8:59  Probe (Chrono Boost)  
  87  9:08  Probe (Chrono Boost)  
  87  9:09  Probe (Chrono Boost)  
  88  9:10  Probe (Chrono Boost)  
  88  9:13  Assimilator  
  88  9:15  Zealot x4  
  98  9:19  Shield Battery  
  98  9:20  Protoss Ground Weapons Level 1 (Chrono Boost)  
  99  9:26  Probe (Chrono Boost)  
  99  9:33  Gateway  
  99  9:34  Observer (Chrono Boost)  
  99  9:35  Gateway  
  100  9:39  High Templar  
  100  9:40  High Templar  
  100  9:41  High Templar x2  
  100  9:45  Stalker  
  110  9:46  Archon x2  
  110  9:54  Observer (Chrono Boost)  
  110  9:55  Probe  
  111  10:06  Warp Prism  
  111  10:13  High Templar  
  111  10:14  High Templar  
  117  10:17  Nexus  
  117  10:18  Pylon, Archon  
  117  10:21  Psionic Storm  
  117  10:27  Pylon  
  117  10:36  Zealot x2, Probe  
  117  10:37  Zealot  
  124  10:47  Shield Battery  
  124  10:48  Probe x3  
  124  10:49  Colossus  
  133  10:58  Pylon  
  133  10:59  Pylon  
  127  11:13  High Templar x3  
  127  11:17  Probe  
  134  11:20  Pylon  
  134  11:22  Photon Cannon  
  134  11:25  Stalker x2, Photon Cannon  
  138  11:26  Photon Cannon  
  138  11:28  Stalker  
  140  11:45  Photon Cannon  
  141  11:47  Probe x3  
  141  11:49  Pylon  
  141  11:52  High Templar x4  
  141  11:53  Probe  
  152  11:59  Photon Cannon, Probe  
  117  12:25  Archon x3, Colossus (Chrono Boost)  
  113  12:37  Zealot x7  
  117  13:07  Colossus (Chrono Boost)  
  117  13:10  Zealot x5  
  117  13:11  Zealot x2  
  137  13:21  Photon Cannon x2  
  137  13:26  Photon Cannon  
  137  13:27  Probe  
  137  13:28  Assimilator  
  137  13:29  Shield Battery  
  138  13:36  Stalker x5  
  138  13:37  Stalker  
  150  13:41  Nexus  
  150  13:43  Pylon  
  150  13:45  Pylon  
Show
View Real Time Build Order
Export as new Build Order

Osiris Terran 

Build Orders: Reaper Expand 

Get SALT Encoding   

  12  0:00  SCV  
  13  0:12  SCV  
  14  0:18  Supply Depot  
  14  0:24  SCV  
  15  0:39  SCV  
  15  0:41  Barracks  
  16  0:45  Refinery  
  16  0:51  SCV  
  17  1:03  SCV  
  18  1:19  SCV  
  19  1:28  Reaper  
  19  1:32  Orbital Command  
  20  1:54  Command Center  
  20  1:59  SCV  
  21  2:02  Marine  
  21  2:03  Supply Depot  
  22  2:14  Bunker  
  22  2:17  SCV  
  23  2:24  Factory  
  23  2:25  Barracks Reactor  
  23  2:32  Refinery  
  23  2:42  SCV  
  23  2:54  SCV  
  24  3:01  Marine x2  
  26  3:06  SCV  
  26  3:10  Starport, Orbital Command, Factory Tech Lab  
  27  3:19  SCV  
  28  3:21  Marine  
  29  3:31  SCV  
  30  3:35  Hellion  
  30  3:37  SCV  
  33  3:43  Marine  
  33  3:45  Barracks, Marine  
  35  3:48  SCV  
  35  3:52  Orbital Command  
  35  3:53  Raven  
  38  4:04  Factory Tech Lab  
  38  4:11  SCV  
  38  4:13  Supply Depot  
  38  4:14  Marine x2  
  41  4:19  SCV, Bunker  
  41  4:22  Barracks  
  42  4:30  SCV  
  42  4:31  Engineering Bay, Refinery  
  43  4:34  Marine x2  
  45  4:40  SCV  
  45  4:45  Siege Tank  
  49  4:48  SCV  
  50  4:53  SCV  
  50  4:59  Missile Turret  
  51  5:02  Stimpack, Marine  
  42  5:25  SCV, Marine  
  42  5:26  Marine  
  45  5:32  Missile Turret  
  45  5:35  SCV  
  46  5:36  Terran Infantry Weapons Level 1  
  46  5:38  SCV  
  47  5:43  Combat Shield  
  47  5:47  SCV  
  48  5:55  Marine x4  
  52  6:00  Supply Depot  
  52  6:03  SCV x2  
  54  6:07  Factory Reactor  
  54  6:08  Starport Reactor  
  54  6:22  SCV x2  
  54  6:23  Marauder, Marine  
  54  6:24  Marine x2  
  54  6:25  Supply Depot  
  61  6:34  SCV  
  62  6:46  Medivac x2, Marine x2  
  70  6:47  Marauder  
  70  6:49  Supply Depot  
  70  6:51  Supply Depot  
  70  6:55  SCV  
  70  6:56  Widow Mine, SCV, Marauder  
  76  7:08  SCV, Marine  
  77  7:11  Marauder, Supply Depot, Marine  
  77  7:13  Supply Depot  
  81  7:16  Concussive Shells  
  81  7:17  Marauder  
  80  7:29  Marine  
  80  7:30  Widow Mine, Marine  
  80  7:31  Widow Mine, SCV  
  87  7:40  Marauder x2  
  91  7:45  Supply Depot  
  91  7:52  Marine x2  
  91  7:57  SCV  
  94  8:00  Marine  
  94  8:01  Marine  
  94  8:05  Widow Mine x2  
  98  8:14  Marine x2  
  98  8:18  Marine  
  80  8:31  SCV x2  
  65  8:43  SCV x2  
  67  8:54  Marauder x2  
  67  8:55  SCV x2  
  73  9:04  Terran Infantry Armor Level 1  
  73  9:07  SCV x2  
  75  9:13  Marine x2  
  77  9:19  SCV x2  
  77  9:23  Marauder  
  77  9:24  Marauder  
  83  9:26  Medivac  
  85  9:31  SCV  
  85  9:32  SCV, Viking  
  85  9:38  Marine x2  
  89  9:43  SCV  
  89  9:44  SCV  
  95  9:46  Marauder x2  
  97  9:55  SCV  
  97  9:56  SCV  
  99  10:04  Viking x2  
  103  10:10  Marauder x2  
  103  10:13  SCV x2  
  109  10:20  Refinery  
  109  10:25  SCV  
  110  10:29  Command Center  
  110  10:37  Viking, Marauder x2  
  110  10:38  Viking  
  118  10:59  Bunker  
  118  11:01  Bunker  
  118  11:05  Marauder x2, Supply Depot x2  
  122  11:18  SCV x2  
  123  11:25  Barracks  
  124  11:26  Barracks  
  124  11:28  Marauder x2  
  124  11:30  SCV  
  129  11:36  Viking  
  101  12:23  Marine x3  
  80  12:38  Marauder x2  
  80  12:39  Widow Mine x2, Medivac x2  
  80  12:41  Marine  
  80  12:42  Marine  
  86  12:52  Barracks Tech Lab x2  
  84  13:05  Marauder x2, Marine x2  
  90  13:06  Hellion x2  
  94  13:14  Armory  
  94  13:15  Viking x2, Engineering Bay  
  94  13:17  SCV  
  99  13:29  Marine x3  
  99  13:30  Marine x2  
  99  13:32  Widow Mine x2  
  108  13:42  SCV x2  
Tags
 
Add a new tag
Caveats
  • Supply blocks, unpowered buildings, or Contaminate may cause inaccurate times.
  • Supply counts are checked every 10 seconds.